 Dungeon Crawl Stone Soup version 0.17.0-24-gcfadda4 (webtiles) character file.

114 oplop the Insei (level 4, -1/29 HPs)
             Began as an Octopode Transmuter on Nov 15, 2015.
             Slain by a worm (8 damage)
             ... on level 2 of the Dungeon.
             The game lasted 00:02:48 (1943 turns).

oplop the Insei (Octopode Transmuter)               Turns: 1943, Time: 00:02:48

Health: -1/29      AC:  1    Str: 10    XL:     4   Next: 97%
Magic:  1/7        EV: 12    Int: 15    God:
Gold:   112        SH:  0    Dex: 12    Spells: 2 memorised, 5 levels left

rFire  . . .     SeeInvis .       - Unarmed
rCold  . . .     Clarity  .     (no shield)
rNeg   . . .     SustAt   .     (helmet restricted)
rPois  .         Gourm    .     (no amulet)
rElec  .         Spirit   .     (no ring)
rCorr  .         Warding  .     (no ring)
rMut   .         Stasis   .     (no ring)
MR     .....                    (no ring)
Stlth  ++........               (no ring)
                                (no ring)
                                (no ring)
                                (no ring)

@: very slightly contaminated, not resistant to hostile enchantments, unstealthy
A: almost no armour, amphibious, 8 rings, constrict 8, camouflage 1, gelatinous
body 1
a: no special abilities


You were on level 2 of the Dungeon.
You were not hungry.

You visited 1 branch of the dungeon, and saw 2 of its levels.

You collected 112 gold pieces.

Inventory:

Hand Weapons
 g - a +2 vampiric dagger
Missiles
 a - 70 arrows
Scrolls
 d - a scroll of remove curse {unknown}
 h - 2 scrolls of amnesia {unknown}
 i - a scroll of immolation {unknown}
 l - a scroll of identify
 m - a scroll of teleportation {unknown}
 n - a scroll of random uselessness {unknown}
Potions
 e - a potion of curing
 f - a potion of lignification
 j - a potion of might
 k - a potion of cure mutation {unknown}
Books
 b - a book of Changes

   Spells                             Type                      Level
   a - Beastly Appendage              Transmutation                1
   b - Sticks to Snakes               Transmutation                2
   c - Spider Form                    Transmutation/Poison         3
   d - Ice Form                       Ice/Transmutation            4
   e - Blade Hands                    Transmutation                5
Comestibles
 c - a bread ration
 o - 2 meat rations
 p - 2 chunks of flesh


   Skills:
 + Level 2.2 Fighting
 - Level 2.0 Dodging
 + Level 4.0 Unarmed Combat
 + Level 2.6 Spellcasting
 + Level 3.0 Transmutations


You had 5 spell levels left.
You knew the following spells:

 Your Spells              Type           Power        Failure   Level  Hunger
a - Beastly Appendage     Trmt           ##....       8%          1    #......
b - Sticks to Snakes      Trmt           ##........   12%         2    ###....


Dungeon Overview and Level Annotations

Branches:
Dungeon (2/15)

Altars:


Innate Abilities, Weirdness & Mutations

You cannot wear most types of armour.
You are amphibious.
You can wear up to eight rings at the same time.
You can use your tentacles to constrict eight enemies at once.
Your skin changes colour to match your surroundings (Stealth).
Your rubbery body absorbs attacks (AC +1).


Message History

Your ball python dies!
The gnoll shouts!
An adder comes into view.
Casting: Sticks to Snakes
Confirm with . or Enter, or press ? or * to list all spells.
You miscast Sticks to Snakes.
You are very lightly contaminated with residual magic.
The air around you crackles with energy!
The adder bites you. The adder barely misses you. The adder bites you.
* * * LOW HITPOINT WARNING * * *
The adder closely misses you.
Drink which item? (? for menu, Esc to quit)
Okay, then.
A worm comes into view.
The adder bites you.
* * * LOW HITPOINT WARNING * * *
The worm bites you!
You die...

#....(.........##
#......)...##..##
##...รท.....(##...#
###.....########.#..
##....#### #......#
##......## #...)..#
#........# #......#
#........# #.....)#
##...@..## ##......#
##..Sw## #.......#
####g#######g......#
#....##.........#
####....#########
#####..### ##.
#......# ##..
#......###### #...
#...........###...


You could see a worm, a gnoll and an adder.

Vanquished Creatures
  Ijyb (D:2)
  A gnoll (D:2)
  3 adders (D:2)
  2 giant geckos
  3 giant cockroaches (D:1)
  9 hobgoblins
  6 jackals (D:1)
  6 kobolds
  A ball python (D:1)
  5 bats
  2 giant newts
  4 goblins
  4 rats
47 creatures vanquished.

Notes
Turn   | Place    | Note
--------------------------------------------------------------
     0 | D:1      | oplop the Octopode Transmuter began the quest for the Orb.
     0 | D:1      | Reached XP level 1. HP: 13/13 MP: 3/3
   204 | D:1      | Reached XP level 2. HP: 16/18 MP: 3/5
   788 | D:1      | Learned a level 2 spell: Sticks to Snakes
   791 | D:1      | Reached XP level 3. HP: 15/23 MP: 4/6
  1379 | D:2      | Reached XP level 4. HP: 12/29 MP: 7/7
  1380 | D:2      | Noticed Ijyb
  1567 | D:2      | Killed Ijyb
  1897 | D:2      | Reached skill level 4 in Unarmed Combat
  1943 | D:2      | Slain by a worm

Action                   |  1- 3 |  4- 6 || total
-------------------------+-------+-------++-------
Melee: Unarmed           |    92 |    29 ||   121
 Cast: Beastly Appendage |    24 |     5 ||    29
       Sticks to Snakes  |       |     4 ||     4
  Use: Scroll            |       |     3 ||     3
       Potion            |       |     1 ||     1
 Stab: Sleeping          |     2 |     1 ||     3
  Eat: Chunk             |     2 |     2 ||     4
